Map: Shrines of Lizul

Players

thedudeman

  • Race: Protoss Protoss
  • League: Gold
  • Spawn Location: 9:00

ZeeAlien

  • Race: Zerg Zerg
  • League: Diamond
  • Spawn Location: 6:00

MonstroTown

  • Race: Terran Terran
  • Spawn Location: 3:00

Michael

  • Race: Zerg Zerg
  • League: Gold
  • Spawn Location: 12:00

VOD

Have the link to the VOD?

Description

Time

  • Played on: Sept. 15, 2018, 12:45 p.m.
  • Length: 4:32
Show
View Real Time Build Order
Export as new Build Order

thedudeman Protoss 

Build Orders:  

Get SALT Encoding   

  12  0:02  Probe  
  13  0:20  Pylon  
  13  0:25  Probe  
  14  0:39  Gateway  
  14  0:42  Probe  
  15  0:55  Probe  
  16  0:57  Assimilator  
  16  1:03  Gateway  
  16  1:26  Cybernetics Core  
  16  1:32  Probe  
  17  1:44  Probe  
  18  1:47  Pylon  
  18  2:01  Adept  
  18  2:06  Gateway  
  19  2:16  Gateway  
  19  2:19  Twilight Council  
  19  2:21  Warp Gate  
  19  2:39  Probe  
  20  2:51  Probe  
  21  3:06  Pylon  
  21  3:27  Gateway  
  21  3:38  Forge  
  21  3:43  Pylon  
  21  3:45  Probe  
  22  4:27  Zealot  
  22  4:29  Zealot  
  22  4:30  Zealot  
  22  4:31  Zealot x2  
Show
View Real Time Build Order
Export as new Build Order

ZeeAlien Zerg 

Build Orders: Pool Only, Zergling Baneling 

Get SALT Encoding   

  12  0:02  Drone  
  13  0:22  Spawning Pool  
  13  0:25  Extractor  
  11  0:32  Drone  
  11  0:35  Drone  
  13  0:40  Drone  
  14  0:51  Overlord  
  14  1:10  Zergling x4  
  16  1:16  Zergling x2  
  17  1:19  Queen  
  19  1:27  Metabolic Boost  
  19  1:33  Zergling x2  
  20  1:42  Overlord  
  20  1:53  Baneling Nest  
  19  2:01  Zergling x4  
  21  2:10  Zergling x2  
  21  2:26  Zergling x2  
  22  2:34  Zergling x2  
  21  2:39  Baneling x3  
  21  2:42  Zergling x2  
  20  2:56  Zergling x2  
  20  3:06  Zergling x4  
  20  3:11  Zergling x2  
  20  3:12  Zergling x2  
  22  3:16  Baneling x6  
  22  3:23  Zergling x2  
  22  3:27  Zergling x2  
  22  3:45  Zergling x6  
  24  3:54  Zergling x2  
Show
View Real Time Build Order
Export as new Build Order

MonstroTown Terran 

Build Orders:  

Get SALT Encoding   

  12  0:01  SCV  
  13  0:13  SCV  
  14  0:18  Supply Depot  
  14  0:25  SCV  
  15  0:40  SCV  
  15  0:41  Barracks  
  16  0:54  SCV  
  17  0:57  Refinery  
  17  1:06  SCV  
  18  1:18  SCV  
  19  1:31  Marine  
  20  1:33  Orbital Command  
  20  1:47  Command Center  
  20  1:50  Reaper  
  20  2:18  Supply Depot  
  20  2:19  Barracks  
  20  2:22  Reaper  
  20  2:54  Marine  
  20  3:09  Marine  
  20  3:11  Marine  
  20  3:12  Orbital Command  
  21  3:15  Bunker  
  21  3:22  Barracks  
  21  3:29  Marine  
  21  3:31  Marine  
  23  3:47  Marine  
  24  3:50  Supply Depot  
  24  3:59  Marine  
  25  4:05  Marine  
Show
View Real Time Build Order
Export as new Build Order

Michael Zerg 

Build Orders: Hatch First 

Get SALT Encoding   

  12  0:01  Drone  
  13  0:13  Overlord  
  13  0:18  Drone  
  14  0:31  Drone x2  
  16  0:36  Drone  
  17  0:45  Drone  
  18  0:59  Hatchery  
  18  1:01  Drone  
  18  1:04  Extractor  
  17  1:17  Spawning Pool  
  16  1:20  Drone  
  16  1:24  Drone  
  18  1:29  Drone  
  19  1:46  Drone  
  20  1:49  Overlord  
  20  2:05  Zergling x2  
  21  2:11  Zergling x2  
  21  2:15  Queen, Zergling x2  
  14  2:31  Queen  
  16  2:40  Drone  
  16  2:48  Zergling x2  
  16  3:04  Zergling x2  
  12  3:19  Drone  
  12  3:35  Drone  
  13  3:44  Drone  
  13  3:45  Drone x4  
  8  4:19  Drone  
Tags
 
Add a new tag
Caveats
  • Supply blocks, unpowered buildings, or Contaminate may cause inaccurate times.
  • Supply counts are checked every 10 seconds.